 Dungeon Crawl Stone Soup version 0.28-a0-265-g048bc9fd10 (webtiles) character file.

Game seed: 15062607516394691737

18 porpoise the Chiller (level 2, -4/23 HPs)
             Began as a Barachi Wanderer on Aug 28, 2021.
             Slain by a gnoll (6 damage)
             ... on level 1 of the Dungeon.
             The game lasted 00:02:57 (701 turns).

porpoise the Chiller (Barachi Wanderer)              Turns: 701, Time: 00:02:58

Health: -4/23      AC:  2    Str: 14    XL:     2   Next: 70%
Magic:  2/2        EV: 11    Int: 12    God:
Gold:   49         SH:  0    Dex: 10    Spells: 0/1 levels left

rFire   . . .      SeeInvis .   a - +2 falchion
rCold   . . .      Faith    .   (no shield)
rNeg    . . .      Spirit   .   c - +0 robe
rPois   .          Reflect  .   (no helmet)
rElec   .          Harm     .   (no cloak)
rCorr   .          Rampage  .   (no gloves)
Will    .....                   (no boots)
Stlth   ++........              (no amulet)
HPRegen 0.07/turn               (no ring)
MPRegen 0.08/turn               (no ring)

@: slow
A: amphibious, slowness 1, strong legs 1, +LOS
a: Hop


You were on level 1 of the Dungeon.
You visited 1 branch of the dungeon, and saw 1 of its levels.

You collected 49 gold pieces.

Inventory:

Hand Weapons
 a - a +2 falchion (weapon)
Missiles
 e - 17 bolts
Armour
 c - a +0 robe (worn)
Scrolls
 d - a scroll of silence {unknown}
Potions
 b - 2 potions of lignification


   Skills:
 + Level 2.3 Fighting
 + Level 2.3 Long Blades
 - Level 1.1 Dodging
 - Level 1.7 Stealth
 - Level 2.1 Shields
 - Level 3.6 Ice Magic


You couldn't memorise any spells.
You knew the following spells:

 Your Spells              Type           Power      Damage    Failure   Level
a - Freeze                Ice            32%        1d5       8%          1

Your spell library contained the following spells:

 Spells                   Type           Power      Damage    Failure   Level
 Frozen Ramparts          Ice            16%        1d3       22%         3


Dungeon Overview and Level Annotations

Branches:
Dungeon (1/15)

Altars:


Innate Abilities, Weirdness & Mutations

You are amphibious.
You cover ground slowly.
You can hop short distances.
You have an extended range of vision and can be seen from far away.


Message History

You kill the kobold!
Things that are here:
a +0 whip; a kobold corpse HP restored.
The kobold shouts!
You hit the kobold.
You kill the kobold!
You see here a +0 short sword.
e - 17 bolts You now have 49 gold pieces (gained 12).
Found a stone staircase leading down.
Unknown command.
A dart slug comes into view.
No target in view!
The dart slug launches a dart at you. The slug dart misses you.
Found a stone staircase leading down.
A gnoll comes into view. It is wielding a +0 spear.
Found a helmet.
You hit the dart slug.
The dart slug is moderately wounded.
The dart slug bites you.
You hit the dart slug.
The dart slug is severely wounded.
The dart slug bites you.
You hit the dart slug.
The dart slug is almost dead.
The dart slug bites you.
You slash the dart slug!
You kill the dart slug!
The gnoll hits you with a +0 spear!
You hit the gnoll.
The gnoll is moderately wounded.
The gnoll closely misses you.
You slash the gnoll!
The gnoll is almost dead.
The gnoll hits you with a +0 spear!
* * * LOW HITPOINT WARNING * * *
The gnoll hits you with a +0 spear.
You die...

.....†########.....#......##
.....#######...##.##.######
##.#.#.......#....##.#
##.....# ....#####.#
#....#.# ### #.######
#.##.#... ##..>...#
..##....#. ###...##.##
.######.#...#####....## .##
#.....#..g@.##..# ..#
#.....#######.# ..#
#.#.†....# .# ###
#..............
#.......####.... ≈≈........
.... PPP#....>.... .### #P
#.#.##..... # #... ......


You could see a gnoll.

Vanquished Creatures
  A dart slug (D:1)
  2 endoplasms (D:1)
  A giant cockroach (D:1)
  2 goblins (D:1)
  A hobgoblin (D:1)
  2 kobolds (D:1)
  A quokka (D:1)
  3 ball pythons (D:1)
  A bat (D:1)
  A rat (D:1)
15 creatures vanquished.

Notes
Turn   | Place    | Note
-------+----------+-------------------------------------------
     0 | D:1      | porpoise the Barachi Wanderer began the quest for the Orb.
     0 | D:1      | porpoise set off with the following items: a +2 falchion, a
                  | potion of lignification, a +0 robe, a +0 dagger; and the
                  | following spell memorised: Freeze; and the following spells
                  | available to memorise: Frozen Ramparts
     0 | D:1      | Reached XP level 1. HP: 15/15 MP: 1/1
   532 | D:1      | Reached XP level 2. HP: 22/22 MP: 2/2
   701 | D:1      | Slain by a gnoll

Illustrated notes

Levels and vault maps discovered:
D:1:      sevenhm_arrival_forest_fort_large_1, layout_rooms,
          shapermc_ecumenical_altar_hornbeckon

Skill      XL: |  1 |
---------------+----+-----
Fighting       | 2 |  2.3
Long Blades    | 2 |  2.3
Dodging        | |  1.1
Stealth        | |  1.7
Shields        | |  2.1
Ice Magic      | |  3.6

Action                   || total
-------------------------++-------
Melee: Falchion          ||    44
Armor: Robe              ||    11
Dodge: Dodged            ||    21

Table legend: (Time is in decaauts)
 A = Elapsed time spent in this place.
 B = Non-inter-level travel time spent in this place.
 C = Inter-level travel time spent in this place.
 D = Time resting spent in this place.
 E = Time spent auto-exploring this place.
 F = Levels seen in this place.
 G = Mean time per level.
                   A        B        C        D        E       F      G
               +--------+--------+--------+--------+--------+-----+--------+
         Total |    762 |    762 |      0 |    322 |    246 |   1 |  762.0 |
       Dungeon |    762 |    762 |      0 |    322 |    246 |   1 |  762.0 |
               +--------+--------+--------+--------+--------+-----+--------+

Top non-repeatable levels by time:
     D:1: 762 daAuts
